 Dungeon Crawl Stone Soup version 0.31-a0-354-g827e0957a7 (webtiles) character file.

Game seed: 429569096134937913

3533 AdnanSaban the Basher (level 10, -2/61 HPs)
             Began as a Gargoyle Fighter on July 24, 2023.
             Was a Priest of Okawaru.
             Slain by a wight
             ... wielding a +1 great sword of freezing
              (9 damage)
             ... on level 8 of the Dungeon.
             The game lasted 00:08:50 (7086 turns).

AdnanSaban the Basher (Gargoyle Fighter)            Turns: 7086, Time: 00:08:50

Health: -2/61      AC: 23    Str: 25    XL:     10   Next: 8%
Magic:  13/13      EV: 11    Int:  8    God:    Okawaru [***...]
Gold:   351        SH:  5    Dex:  9    Spells: 9/9 levels left

rFire   . . .        x - +0 whip (venom)
rCold   . . .        c - +0 buckler
rNeg    + . .        B - +4 scale mail
rPois   ∞            (no helmet)
rElec   +            r - +0 cloak
rCorr   .            g - +0 pair of gloves
SInv    .            m - +0 pair of boots
Will    .....        (no amulet) Stlth
                     (no ring)
HPRegen 0.30/turn    (no ring)
MPRegen 0.13/turn

%: no passive effects
@: no status effects
A: sickness immunity, AC +7, negative energy resistance 1, electricity
resistance, torment resistance 1, petrification resistance
a: Renounce Religion, Heroism


You were on level 8 of the Dungeon.
You worshipped Okawaru.
Okawaru was most pleased with you.
You visited 2 branches of the dungeon, and saw 9 of its levels.
You also visited: Sewer.

You collected 351 gold pieces.

Inventory:

Hand Weapons
 x - a +0 whip of venom (weapon)
Missiles
 b - 2 datura-tipped darts
 e - 14 poisoned darts (quivered)
 i - 5 atropa-tipped darts
Armour
 c - a +0 buckler (worn)
 g - a +0 pair of gloves (worn)
 m - a +0 pair of boots (worn)
 r - a +0 cloak (worn)
 B - a +4 scale mail (worn)
Wands
 p - a wand of flame (10)
 C - a wand of mindburst (7)
Scrolls
 a - a scroll of brand weapon {unknown}
 h - a scroll of enchant armour {unknown}
 k - 2 scrolls of fear {unknown}
 n - 2 scrolls of immolation {unknown}
 o - 7 scrolls of identify {unknown}
 q - 5 scrolls of poison {unknown}
 u - a scroll of teleportation {unknown}
 w - 3 scrolls of fog {unknown}
 y - a scroll of blinking {unknown}
 A - a scroll of noise {unknown}
Potions
 d - 3 potions of might
 f - a potion of berserk rage {unknown}
 j - a potion of lignification {unknown}
 l - 4 potions of curing
 s - 4 potions of heal wounds {unknown}
 t - 2 potions of invisibility {unknown}
 v - 2 potions of mutation {unknown}
 z - a potion of attraction {unknown}


   Skills:
 + Level 6.5 Fighting
 + Level 8.5 Maces & Flails
 + Level 7.4 Armour
 + Level 3.8 Dodging
 + Level 6.2 Shields
 * Level 4.7 Invocations


You had 9 spell levels left.
You didn't know any spells.
Your spell library contained the following spells:

 Spells                   Type           Power      Damage    Failure   Level
 Freeze                   Ice            0%         1d3       73%         1
 Magic Dart               Conj           0%         1d3       73%         1
 Sandblast                Erth           0%         2d4       73%         1
 Blink                    Tloc           0%         N/A       86%         2
 Ensorcelled Hibernation  Hex/Ice        0%         N/A       86%         2
 Lesser Beckoning         Tloc           0%         N/A       86%         2
 Momentum Strike          Conj/Tloc      0%         3d8       86%         2
 Passwall                 Tmut/Erth      0%         N/A       86%         2
 Searing Ray              Conj           0%         2d4       86%         2
 Dazzling Flash           Conj/Hex       0%         N/A       97%         3
 Frozen Ramparts          Ice            0%         1d1       97%         3
 Hailstorm                Conj/Ice       0%         3d3       97%         3
 Portal Projectile        Hex/Tloc       0%         N/A       97%         3
 Stone Arrow              Conj/Erth      0%         3d7       97%         3
 Swiftness                Air            0%         N/A       97%         3
 Volatile Blastmotes      Fire/Tloc      0%         2d10      97%         3
 Fulminant Prism          Conj/Hex       0%         3d5       100%        4
 Iskenderun's Mystic Bla  Conj/Tloc      0%         2d3       100%        4
 Passage of Golubria      Tloc           0%         N/A       100%        4
 Yara's Violent Unravell  Hex/Tmut       0%         3d3       100%        5
 Starburst                Conj/Fire      0%         6d3       100%        6
 Maxwell's Capacitive Co  Air            0%         ∞         100%        8
 Summon Small Mammal      Summ           Unusable   N/A       N/A         1
 Call Canine Familiar     Summ           Unusable   N/A       N/A         3
 Summon Guardian Golem    Hex/Summ       Unusable   N/A       N/A         3
 Tukima's Dance           Hex            Unusable   N/A       N/A         3

Dungeon Overview and Level Annotations

Branches:
Dungeon (8/15)             Temple (1/1) D:4           Sewer (visited)
   Lair: D:8-11

Altars:
Ashenzari
Cheibriados
Dithmenos
Elyvilon
Fedhas
Gozag
Kikubaaqudgha
Makhleb
Nemelex Xobeh
Okawaru
Qazlal
Ru
Sif Muna
Trog
Vehumet
Wu Jian
Xom
Yredelemnul
Zin
The Shining One


Innate Abilities, Weirdness & Mutations

You are immune to sickness and miasma.
Your stone body is resilient. (AC +7)
You are immune to poison.
You resist negative energy. (rN+)
You are resistant to electric shocks. (rElec)
You are resistant to unholy torment.
You are immune to petrification.


Message History

You are too injured to fight recklessly!
You are too injured to fight recklessly!
You are too injured to fight recklessly!
You are too injured to fight recklessly!
You are too injured to fight recklessly!
You are too injured to fight recklessly!
You are too injured to fight recklessly!
You are too injured to fight recklessly!
You are too injured to fight recklessly!
You are too injured to fight recklessly!
You are too injured to fight recklessly!
You are too injured to fight recklessly!
You are too injured to fight recklessly!
You are too injured to fight recklessly!
You are too injured to fight recklessly!
You are too injured to fight recklessly!
The wight attacks as you move away! The wight hits you but does no damage.
The wight attacks as you move away! The wight closely misses you.
The wight attacks as you move away!
The wight hits you with a +1 great sword of freezing!
* * * LOW HITPOINT WARNING * * *
The wight freezes you.
* * * LOW HITPOINT WARNING * * *
The wight attacks as you move away! The wight hits you but does no damage.
The wight attacks as you move away! The wight hits you but does no damage.
The wight attacks as you move away! The wight hits you but does no damage.
The wight attacks as you move away!
The wight hits you with a +1 great sword of freezing.
* * * LOW HITPOINT WARNING * * *
The wight freezes you.
* * * LOW HITPOINT WARNING * * *
It was a potion of curing.
You feel better. You block the wight's attack.
The wight attacks as you move away!
The wight hits you with a +1 great sword of freezing.
* * * LOW HITPOINT WARNING * * *
The wight freezes you.
* * * LOW HITPOINT WARNING * * *
The wight attacks as you move away!
The wight hits you with a +1 great sword of freezing!
You die...

#.# #.####### #.#
#.##....############ #.#
#.##...............# #.#
#.##...............#
#[###.##...............#
#.#...##...............#
######.#.####...|#.....<.####
#>...............##########
###....#.####.##@# #....####
##...#.####...z## #.......
#...#..........# #...$.######
##..######....z####..........#
#...†........z...z.#..).....#
#............................
######........##....#..).....#
#..........#######..#...))...#
#.######..## #..#.....)..#


You could see 3 wights.

Vanquished Creatures
  Sigmund (D:6)
  A wyvern (D:6)
  2 water moccasins (D:7)
  2 sky beasts (D:6)
  2 ice beasts
  A centaur (D:8)
  4 phantoms
  4 kobold brigands
  3 bullfrogs
  A gnoll sergeant (D:6)
  2 scorpions
  3 necrophages (D:7)
  2 wights (D:7)
  8 killer bees (D:7)
  An electric eel (D:6)
  2 howler monkeys
  A centaur zombie (D:7)
  A human zombie (D:7)
  3 hounds
  4 jellies
  5 orc priests
  Jessica (D:3)
  An iguana (D:5)
  2 orc wizards
  Ijyb (D:3)
  3 killer bee zombies (D:7)
  A mummy (D:7)
  A howler monkey zombie (D:7)
  3 gnolls (D:6)
  A river rat (D:5)
  4 adders
  2 white imps
  3 ufetubi (D:5)
  A worm (D:2)
  A dart slug (D:4)
  15 orcs
  7 endoplasms
  10 giant cockroaches
  5 goblins
  6 hobgoblins
  30 kobolds
  5 quokkas
  11 ball pythons
  7 bats
  4 frilled lizards
  10 rats
188 creatures vanquished.

Vanquished Creatures (others)
  An orc wizard (D:8)
1 creature vanquished.

Grand Total: 189 creatures vanquished

Notes
Turn   | Place    | Note
-------+----------+-------------------------------------------
     0 | D:1      | AdnanSaban the Gargoyle Fighter began the quest for the
                  | Orb.
     0 | D:1      | Reached XP level 1. HP: 14/14 MP: 1/1
   163 | D:1      | Found a faded altar of an unknown god.
   228 | D:1      | Reached XP level 2. HP: 15/19 MP: 2/2
   887 | D:2      | Reached XP level 3. HP: 23/23 MP: 3/3
  1129 | D:2      | Reached skill level 3 in Maces & Flails
  1517 | D:3      | Reached XP level 4. HP: 26/28 MP: 4/4
  1622 | D:3      | Noticed Ijyb
  1636 | D:3      | Killed Ijyb
  1802 | D:3      | Noticed Jessica
  1809 | D:3      | Killed Jessica
  1810 | D:3      | Reached XP level 5. HP: 32/33 MP: 5/5
  1833 | D:3      | You fall into a shaft and drop 3 floors!
  1844 | D:6      | Noticed a wyvern
  1845 | D:6      | Noticed a sky beast
  1853 | D:6      | Killed a wyvern
  1854 | D:6      | Reached skill level 4 in Maces & Flails
  1854 | D:6      | Reached skill level 1 in Dodging
  1854 | D:6      | Reached XP level 6. HP: 32/38 MP: 6/6
  1868 | D:6      | Killed a sky beast
  1869 | D:6      | Reached skill level 5 in Maces & Flails
  1914 | D:6      | Reached XP level 7. HP: 44/44 MP: 7/7
  1937 | D:5      | Entered Level 5 of the Dungeon
  2142 | D:5      | Found a glowing drain.
  2155 | Sewer    | Entered a sewer
  2316 | Sewer    | Reached skill level 6 in Maces & Flails
  2666 | D:3      | Found a stormy altar of Qazlal.
  2666 | D:3      | Found an opulent altar of Gozag.
  3095 | D:3      | Reached XP level 8. HP: 20/48 MP: 8/8
  3224 | D:4      | Reached skill level 5 in Armour
  3352 | D:4      | Found a sacrificial altar of Ru.
  3383 | D:4      | Reached skill level 5 in Fighting
  3401 | D:4      | Identified the staff of the Forsaken Wonders {Str+4 Conj}
  3559 | D:4      | Found a staircase to the Ecumenical Temple.
  3568 | Temple   | Entered the Ecumenical Temple
  3574 | Temple   | Became a worshipper of Warmaster Okawaru
  4098 | D:5      | Reached skill level 5 in Shields
  4137 | D:5      | Reached skill level 7 in Maces & Flails
  4423 | D:5      | Identified the +4 chain mail "Axarghos" {Fly rC++ Dex-4}
  4877 | D:6      | Noticed Sigmund
  4893 | D:6      | Killed Sigmund
  5079 | D:6      | Reached * piety under Okawaru
  5080 | D:6      | Reached XP level 9. HP: 42/54 MP: 9/9
  5129 | D:6      | Found a shimmering altar of Xom.
  5177 | D:6      | Found a white marble altar of Elyvilon.
  5546 | D:7      | Reached skill level 1 in Invocations
  5823 | D:7      | Reached ** piety under Okawaru
  6137 | D:7      | Reached skill level 8 in Maces & Flails
  6366 | D:7      | Found a basalt altar of Yredelemnul.
  6772 | D:8      | Reached *** piety under Okawaru
  6880 | D:8      | Reached XP level 10. HP: 57/61 MP: 11/13
  7082 | D:8      | HP: 3/61 [wight/+1 great sword of freezing (3)]
  7082 | D:8      | HP: 1/61 [wight/+1 great sword of freezing (2)]
  7086 | D:8      | Slain by a wight

Illustrated notes

Levels and vault maps discovered:
D:1:      dpeg_arrival_circle_labyrinth_a, layout_basic,
          shapermc_ecumenical_altar_ellora
D:2:      layout_loops_ring
D:3:      layout_basic, mainiacjoe_overflow_divided_tiny, grunt_ministairs_8,
          uniq_ijyb, uniq_jessica
D:4:      layout_basic, mainiacjoe_overflow_boulevard,
          minmay_temple_entry_poolview
D:5:      layout_gridville, portal_sewer_entry_e, serial_park_tiny_1,
          minmay_between
D:6:      layout_rooms, nicolae_overflow_squiral, serial_bayou_pond_e,
          supply_closet_lemuel, uniq_sigmund
D:7:      layout_basic, lemuel_mausoleum_altar_yredelemnul
D:8:      layout_basic, serial_curves, eino_curves_02, eino_curves_02
Temple:   eino_narrow_crystal_temple

Skill      XL: |  1  2  3  4  5  6  7  8  9 |
---------------+----------------------------+-----
Maces & Flails | 3 4 5 6 7 8 |  8.5
Fighting       | 4 5 6 |  6.5
Armour         | 4 6 7 |  7.4
Dodging        | 1 2 3 |  3.8
Shields        | 4 5 6 |  6.2
Invocations    | 4 |  4.7

Action                     |  1- 3 |  4- 6 |  7- 9 | 10-12 || total
---------------------------+-------+-------+-------+-------++-------
  Melee: Flail             |   132 |    74 |   156 |       ||   362
         Whip              |       |       |   595 |    95 ||   690
  Throw: Dart              |       |       |     2 |       ||     2
    Use: Potion            |       |       |       |     1 ||     1
 Armour: Scale mail        |    89 |    45 |   401 |    78 ||   613
  Dodge: Dodged            |    79 |    25 |   347 |    37 ||   488
  Block: Buckler           |    30 |    18 |   156 |    16 ||   220

Table legend: (Time is in decaauts)
 A = Elapsed time spent in this place.
 B = Non-inter-level travel time spent in this place.
 C = Inter-level travel time spent in this place.
 D = Time resting spent in this place.
 E = Time spent auto-exploring this place.
 F = Levels seen in this place.
 G = Mean time per level.
                   A        B        C        D        E       F      G
               +--------+--------+--------+--------+--------+-----+--------+
         Total |   7016 |   6739 |    277 |    498 |   4539 |  10 |  701.6 |
       Dungeon |   6608 |   6331 |    277 |    498 |   4286 |   8 |  826.0 |
        Temple |     12 |     12 |      0 |      0 |      0 |   1 |   12.0 |
         Sewer |    395 |    395 |      0 |      0 |    253 |   1 |  395.0 |
               +--------+--------+--------+--------+--------+-----+--------+

Top non-repeatable levels by time:
     D:5: 1144 daAuts
     D:7: 1102 daAuts
     D:6: 963 daAuts
     D:1: 831 daAuts
     D:4: 802 daAuts
     D:2: 715 daAuts
     D:3: 709 daAuts
   Sewer: 395 daAuts
     D:8: 340 daAuts
  Temple: 12 daAuts
